 Dungeon Crawl Stone Soup version 0.29-a0-723-gce39da1c22 (webtiles) character file.

Game seed: 9008620782463703364

466 Whiskey the Shield-Bearer (level 7, -1/43 (61) HPs)
             Began as a Meteoran Fighter on June 28, 2022.
             Succumbed to a scorpion's poison
             ... on level 4 of the Dungeon.
             The game lasted 00:08:28 (2366 turns).

Whiskey the Shield-Bearer (Meteoran Fighter)        Turns: 2366, Time: 00:08:28

HP:   -1/43 (61)    AC: 11    Str: 18    XL:     7   Next: 56%
MP:   8/8           EV:  9    Int: 11    God:
Gold: 186           SH:  5    Dex: 14    Spells: 6/6 levels left

rFire   . . .      SeeInvis .   a - +0 flail
rCold   . . .      Faith    .   c - +0 buckler
rNeg    . . .      Spirit   .   b - +0 scale mail
rPois   .          Reflect  .   d - +0 helmet
rElec   .          Harm     .   y - scarf {repulsion}
rCorr   .          Rampage  .   i - +1 pair of gloves
Will    .....                   (no boots)
Stlth   ..........              (no amulet)
HPRegen 0.14/turn               (no ring)
MPRegen 0.11/turn               (no ring)

@: lethally poisoned (-1 -> -15), glowing, very heavily drained, repel missiles
A: sense surroundings 1, otherworldly, glowing, explore regen
a: no special abilities


You were on level 4 of the Dungeon.
You visited 1 branch of the dungeon, and saw 4 of its levels.

You collected 186 gold pieces.

Inventory:

Hand Weapons
 a - a +0 flail (weapon)
Armour
 b - a +0 scale mail (worn)
 c - a +0 buckler (worn)
 d - a +0 helmet (worn)
   (You found it on level 3 of the Dungeon)
 i - a +1 pair of gloves (worn)
   (You found it on level 1 of the Dungeon)
 s - a +0 leather armour
   (You took it off an orc on level 3 of the Dungeon)
 u - a +0 leather armour
   (You took it off an orc priest on level 3 of the Dungeon)
 y - a scarf of repulsion (worn)
   (You found it on level 3 of the Dungeon)
Wands
 m - a wand of paralysis (5)
   (You found it on level 2 of the Dungeon)
 r - a wand of mindburst (17)
   (You found it on level 3 of the Dungeon)
Scrolls
 g - 3 scrolls of identify {unknown}
 j - 2 scrolls of poison {unknown}
 l - a scroll of enchant weapon {unknown}
 o - a scroll of amnesia {unknown}
 t - 2 scrolls of teleportation {unknown}
Potions
 e - a potion of lignification {unknown}
 f - a potion of resistance {unknown}
 h - a potion of heal wounds {unknown}
 k - 2 potions of mutation {unknown}
 n - a potion of berserk rage {unknown}
 p - a potion of haste {unknown}
 q - a potion of attraction {unknown}
 v - a potion of brilliance {unknown}
 w - a potion of invisibility
 x - 2 potions of curing


   Skills:
 + Level 5.1 Fighting
 + Level 5.3 Maces & Flails
 + Level 5.5 Armour
 + Level 5.6 Shields


You had 6 spell levels left.
You didn't know any spells.
Your spell library contained the following spells:

 Spells                   Type           Power      Damage    Failure   Level
 Magic Dart               Conj           0%         1d3       80%         1
 Summon Small Mammal      Summ           0%         N/A       80%         1
 Call Imp                 Summ           0%         N/A       90%         2
 Call Canine Familiar     Summ           0%         N/A       99%         3
 Mephitic Cloud           Conj/Pois/Air  0%         N/A       99%         3
 Summon Guardian Golem    Hex/Summ       0%         N/A       99%         3


Dungeon Overview and Level Annotations

Branches:
Dungeon (4/15) Zot: 167
 Temple: D:4-7

Altars:
Wu Jian

Shops:
D:3 (   D:4 :

Annotations:
D:3 Dowan, Duvessa


Innate Abilities, Weirdness & Mutations

You passively map a small area around you.
You are easily found by Zot.
You glow in the dark.
You regain HP and MP as you explore.


Message History

No target in view!
No target in view!
No target in view!
No target in view!
No target in view!
No target in view!
You see here a +0 giant spiked club.
Zot has nearly found you.
Suffering is approaching.
Descend or flee this branch!
You open the door.
There is an open door here.
Zot's power touches on you...
You feel drained.
You take 23 damage, and have 38/38 hp.
MASSIVE DAMAGE!!
You open the door.
There is an open door here.
You open the door.
There is an open door here.
You open the door. 2 scorpions come into view.
There is an open door here.
The scorpion stings you but does no damage.
You hit the scorpion. The scorpion barely misses you.
The scorpion stings you but does no damage.
You hit the scorpion. You block the scorpion's attack.
The scorpion stings you but does no damage.
You barely miss the scorpion. The scorpion closely misses you.
The scorpion stings you but does no damage.
The scorpion stings you. x2
You take 7 damage, and have 31/38 hp.
You closely miss the scorpion.
The scorpion stings you but does no damage.
The scorpion barely misses you.
You hit the scorpion but do no damage. The scorpion closely misses you.
The scorpion barely misses you. The scorpion stings you.
You are poisoned.
The scorpion poisons you!
You take 1 damage, and have 30/38 hp.
You hit the scorpion.
You feel very sick.
The scorpion stings you but does no damage. x2
You block the scorpion's attack.
You take 3 damage, and have 27/38 hp.
You hit the scorpion but do no damage.
You feel sick. The scorpion barely misses you. x2
You hit the scorpion but do no damage.
You feel sick. The scorpion barely misses you. You block the scorpion's attack.
The scorpion stings you.
You are more poisoned.
The scorpion poisons you!
The scorpion stings you but does no damage.
You take 5 damage, and have 22/38 hp.
You hit the scorpion.
You feel very sick. The scorpion barely misses you.
You block the scorpion's attack.
You take 4 damage, and have 18/38 hp.
You are too injured to fight recklessly!
You are too injured to fight recklessly!
You are too injured to fight recklessly!
You are too injured to fight recklessly!
You are too injured to fight recklessly!
You are too injured to fight recklessly!
You are too injured to fight recklessly!
You are too injured to fight recklessly!
You are too injured to fight recklessly!
You are too injured to fight recklessly!
You are too injured to fight recklessly!
You are too injured to fight recklessly!
You are too injured to fight recklessly!
You are too injured to fight recklessly!
You are too injured to fight recklessly!
You are too injured to fight recklessly!
You are too injured to fight recklessly!
You are too injured to fight recklessly!
You are too injured to fight recklessly!
You are too injured to fight recklessly!
You are too injured to fight recklessly!
You are too injured to fight recklessly!
You are too injured to fight recklessly!
You are too injured to fight recklessly!
You are too injured to fight recklessly!
You are too injured to fight recklessly!
You hit the scorpion.
You kill the scorpion!
You feel very sick.
The scorpion stings you but does no damage.
The scorpion stings you.
You are lethally poisoned!
The scorpion poisons you!
You take 6 damage, and have 12/43 hp.
* * * LOW HITPOINT WARNING * * *
You feel very sick.
The scorpion stings you but does no damage.
You take 5 damage, and have 7/43 hp.
You thump the scorpion!
* * * LOW HITPOINT WARNING * * *
You feel very sick.
The scorpion stings you but does no damage.
You take 4 damage, and have 3/43 hp.
You closely miss the scorpion.
You die...

.........##..†###.# +* *
..........#.#'#..## ,,
*###.......#####...... ,
#.#+#...#'#.#........ ,,
,,##...#####...##.......
, +......#......+.......
##......#......##..##..
#.......#.......#......
#.....@.'.......#.....#
#.....s.#.......#....)(
##......#......##...†<)
,+
+......#......+....... *
##...#####...##.......
#.#+ , +#.#.....#.. ,,
#### ##.....##. , *
,#+#. , #........ ##...#
, , #....#...


You could see a scorpion.

Vanquished Creatures
  An ogre (D:4)
  2 scorpions
  2 orc priests
  2 hounds
  2 iguanas (D:4)
  2 adders
  A worm (D:3)
  3 dart slugs
  2 orcs
  7 ball pythons
  3 bats
  6 endoplasms
  5 giant cockroaches
  6 goblins
  5 hobgoblins
  2 jackals (D:1)
  9 kobolds
  2 frilled lizards
  5 rats
67 creatures vanquished.

Notes
Turn   | Place    | Note
-------+----------+-------------------------------------------
     0 | D:1      | Whiskey the Meteoran Fighter began the quest for the Orb.
     0 | D:1      | Reached XP level 1. HP: 19/19 MP: 2/2
    50 | D:1      | Found a faded altar of an unknown god.
    81 | D:1      | Reached XP level 2. HP: 20/26 MP: 3/3
   151 | D:1      | Reached skill level 3 in Maces & Flails
   170 | D:1      | Reached XP level 3. HP: 19/31 MP: 4/4
   352 | D:1      | Reached skill level 4 in Shields
   480 | D:1      | Glimpsed the power of Zot.
   530 | D:1      | Glimpsed the power of Zot.
   555 | D:2      | Reached skill level 4 in Armour
   909 | D:2      | Reached XP level 4. HP: 40/40 MP: 5/5
  1018 | D:2      | Found an ornate altar of the Wu Jian Council.
  1070 | D:2      | Glimpsed the power of Zot.
  1492 | D:3      | Found Dydasmoc's Weapon Shop.
  1528 | D:3      | Reached skill level 4 in Fighting
  1528 | D:3      | Reached XP level 5. HP: 42/46 MP: 6/6
  1655 | D:3      | Glimpsed the power of Zot.
  1684 | D:4      | Noticed Dowan
  1685 | D:4      | Reached skill level 4 in Maces & Flails
  1685 | D:4      | Noticed Duvessa
  1704 | D:3      | Reached XP level 6. HP: 30/53 MP: 7/7
  1875 | D:3      | HP: 13/53 [poisoned by a scorpion]
  1880 | D:3      | HP: 10/53 [poisoned by a scorpion]
  1882 | D:3      | Reached skill level 5 in Armour
  1882 | D:3      | Reached skill level 5 in Shields
  1885 | D:3      | HP: 4/53 [poisoned by a scorpion]
  2122 | D:4      | Found Utyimi Jeroe's Book Shoppe.
  2240 | D:3      | Glimpsed the power of Zot.
  2287 | D:4      | Glimpsed the power of Zot.
  2306 | D:4      | Reached XP level 7. HP: 49/60 MP: 8/8
  2318 | D:4      | Reached skill level 5 in Fighting
  2318 | D:4      | Reached skill level 5 in Maces & Flails
  2324 | D:4      | Glimpsed the power of Zot.
  2334 | D:4      | Touched by the power of Zot.
  2364 | D:4      | HP: 7/43 [poisoned by a scorpion]
  2365 | D:4      | HP: 3/43 [poisoned by a scorpion]
  2366 | D:4      | Succumbed to a scorpion's poison

Illustrated notes

Levels and vault maps discovered:
D:1:      dpeg_arrival_shrine, layout_basic, nicolae_ecumenical_lake_church,
          skrybe_limestone_x, minmay_indecisive_spiral
D:2:      layout_basic, basic_altar, minmay_misc_feat_iff
D:3:      layout_loops_ring, serial_shops, nicolae_shop_hallway_stairs
D:4:      nicolae_cairo_tiling_very_big, layout_cave_pools, serial_shops, shop,
          uniq_duvessa

Skill      XL: |  1  2  3  4  5  6  7 |
---------------+----------------------+-----
Maces & Flails | 3 4 5 |  5.3
Shields        | 4 5 |  5.6
Armour         | 4 5 |  5.5
Fighting       | 4 5 |  5.1

Action                   |  1- 3 |  4- 6 |  7- 9 || total
-------------------------+-------+-------+-------++-------
Melee: Flail             |    76 |   163 |    18 ||   257
  Use: Potion            |       |     3 |       ||     3
Armor: Scale mail        |    52 |   106 |    12 ||   170
Dodge: Dodged            |    24 |    68 |    11 ||   103
       Repelled          |       |     1 |       ||     1
Block: Buckler           |    23 |    54 |     5 ||    82

Table legend: (Time is in decaauts)
 A = Elapsed time spent in this place.
 B = Non-inter-level travel time spent in this place.
 C = Inter-level travel time spent in this place.
 D = Time resting spent in this place.
 E = Time spent auto-exploring this place.
 F = Levels seen in this place.
 G = Mean time per level.
                   A        B        C        D        E       F      G
               +--------+--------+--------+--------+--------+-----+--------+
         Total |   2433 |   2326 |    107 |     64 |   1634 |   4 |  608.2 |
       Dungeon |   2433 |   2326 |    107 |     64 |   1634 |   4 |  608.2 |
               +--------+--------+--------+--------+--------+-----+--------+

Top non-repeatable levels by time:
     D:3: 955 daAuts
     D:1: 821 daAuts
     D:2: 436 daAuts
     D:4: 220 daAuts

Table legend:
 A = Kills in this place as a percentage of kills in entire the game.
 B = Kills by you in this place as a percentage of kills by you in the entire game.
 C = Kills by friends in this place as a percentage of kills by friends in the entire game.
 D = Other kills in this place as a percentage of other kills in the entire game.
 E = Experience gained in this place as a percentage of experience gained in the entire game.
 F = Experience gained in this place divided by the number of levels of this place that you have seen.
                   A       B       C       D       E      F
               +-------+-------+-------+-------+-------+----------------------
         Total | 100.0 | 100.0 |   N/A |   N/A | 100.0 | 166.8
       Dungeon | 100.0 | 100.0 |   N/A |   N/A | 100.0 | 166.8
               +-------+-------+-------+-------+-------+----------------------
